 Dungeon Crawl Stone Soup version 0.20.1-1-g8b1a95d (console) character file.

5122 hilaritas the Cleaver (level 10, -13/93 HPs)
             Began as a Hill Orc Gladiator on Feb 14, 2018.
             Was a High Priest of Okawaru.
             Killed from afar by a raiju (18 damage)
             ... with a living lightning
             ... on level 3 of the Abyss.
             The game lasted 00:17:27 (7810 turns).

hilaritas the Cleaver (Hill Orc Gladiator)          Turns: 7810, Time: 00:17:28

Health: -13/93     AC: 20    Str: 21    XL:     10   Next: 58%
Magic:  16/16      EV: 11    Int: 10    God:    Okawaru [*****.]
Gold:   288        SH:  0    Dex: 12    Spells: 7/9 levels left

rFire    . . .     SeeInvis .   a - +1 war axe
rCold    . . .     Gourm    .   (no shield)
rNeg     . . .     Faith    .   F - +0 plate armour
rPois    .         Spirit   .   c - +1 helmet
rElec    .         Reflect  .   n - +0 cloak
rCorr    .         Harm     .   (no gloves)
MR       .....                  (no boots)
Stlth    ..........             (no amulet)
Regen    0.3/turn               s - +2 ring of intelligence
MPRegen  0.2/turn               (no ring)

@: heroism
A: subdued magic 1
a: Heroism, Finesse, Renounce Religion


You were on level 3 of the Abyss.
You worshipped Okawaru.
Okawaru was extremely pleased with you.
You were hungry.

You visited 1 branch of the dungeon, and saw 9 of its levels.
You visited the Abyss 1 time.

You collected 385 gold pieces.
You spent 97 gold pieces at shops.

Inventory:

Hand Weapons
 a - a +1 war axe (weapon)
 x - a +1 mace of protection
Missiles
 b - 19 tomahawks (quivered)
 d - 4 throwing nets
 u - 5 silver tomahawks
 A - 8 exploding tomahawks
 B - 5 steel javelins
Armour
 c - a +1 helmet (worn)
 n - a +0 cloak (worn)
 F - a +0 plate armour (worn)
Jewellery
 s - a +2 ring of intelligence (left hand)
Wands
 p - a wand of polymorph (4/24)
 y - a wand of polymorph (19/24)
Scrolls
 r - 3 scrolls of remove curse
 t - 2 scrolls of enchant weapon
 z - a scroll of fear
 D - a scroll of amnesia
Potions
 e - 2 potions of brilliance
 g - 2 potions of heal wounds
 j - 2 potions of curing
 k - a potion of cancellation
 l - a potion of might
 q - a potion of berserk rage
 v - 2 potions of haste
 E - a potion of ambrosia
Books
 C - a book of Cantrips

   Spells                             Type                      Level
   a - Confusing Touch                Hexes                        1
   b - Animate Skeleton               Necromancy                   1
   c - Summon Small Mammal            Summoning                    1
   d - Apportation                    Translocation                1
Comestibles
 f - 4 bread rations
 h - 3 royal jellies
 i - 7 fruits


   Skills:
 - Level 10.0(15.0) Fighting
 - Level 10.0(15.0) Axes
 - Level 1.7(6.7) Throwing
 + Level 8.8(13.8) Armour
 * Level 4.0(9.0) Dodging
 * Level 8.0 Invocations


You had 7 spell levels left.
You knew the following spells:

 Your Spells              Type           Power        Failure   Level  Hunger
a - Apportation           Tloc           #.....       99%         1    ##.....
b - Summon Small Mammal   Summ           #...         99%         1    ##.....


Dungeon Overview and Level Annotations

Branches:
Dungeon (9/15)             Temple (0/1) D:4
   Lair: D:8-11         Orc: D:9-12

Altars:
Cheibriados
Gozag
Makhleb
Okawaru
Qazlal
Trog
Zin
The Shining One

Shops:
D:5 ?*


Innate Abilities, Weirdness & Mutations

Your spells are a little easier to cast, but a little less powerful.


Message History

The raiju bursts into living lightning!
The living lightning hits the raiju.
The raiju completely resists.
The living lightning hits you!
* * * LOW HITPOINT WARNING * * *
The raiju blinks!
The thrashing horror tramples you.
* * * LOW HITPOINT WARNING * * *
You hold your ground!
The thrashing horror tramples you but does no damage.
You slash the thrashing horror!
The thrashing horror is severely damaged.
You hit the raiju but do no damage. You closely miss the thrashing horror.
The thrashing horror closely misses you.
The thrashing horror misses you.
The thrashing horror tramples you but does no damage.
The thrashing horror misses you. The neqoxec gestures at you.
Something tries to feed on your intellect!
The raiju bursts into living lightning!
The living lightning hits you!
You die...

...... .... . .
#... ... ##...#
..... ##. ##.).#
..... #. .
#..∩?###..##.
#...#...##..#..>#
#...#...#..≈≈≈...
#..###..#.≈≈.#
#......XhX≈#. . .
.#..##.#.@X# ...
.## # #.........
. #.#.#≈......
.....≈#....#
#.##..≈##h..# #.
#...≈.3≈≈. .#
##_.....h.
.##...#.


You could see 3 thrashing horrors, 3 raiju and a neqoxec.

Vanquished Creatures
  The ghost of hilaritas the Carver, a novice DrAK of Lugonu (D:6)
  A wizard (D:9)
  The ghost of hilaritas the Grappler, a novice TrHu of Uskayaw (D:5)
  A troll (D:4)
  Sigmund (D:3)
  Eustachio (D:4)
  A wyvern (D:8)
  A hungry ghost (D:7)
  2 water moccasins
  2 sky beasts
  2 ice beasts (D:5)
  5 ogres
  A centaur (D:5)
  4 bullfrogs
  3 scorpions
  3 howler monkeys
  2 crimson imps
  A bullfrog zombie (D:8)
  2 jellies
  11 orc priests
  5 hounds
  9 orc wizards
  Jessica (D:3)
  Ijyb (D:4)
  6 worker ants
  A worker ant zombie (D:5)
  5 adders
  4 gnolls (D:4)
  A shadow imp (D:6)
  2 oozes
  An adder skeleton (D:6)
  An adder zombie (D:5)
  7 worms
  3 dart slugs
  5 leopard geckos
  46 orcs
  3 bats
  4 giant cockroaches
  5 goblins
  5 hobgoblins
  7 kobolds
  6 quokkas
  A ball python (D:3)
  2 frilled lizards (D:2)
  A jackal zombie (D:5)
  2 leopard gecko skeletons (D:4)
  3 rats
183 creatures vanquished.

Notes
Turn   | Place    | Note
-------+----------+-------------------------------------------
     0 | D:1      | hilaritas the Hill Orc Gladiator began the quest for the Orb.
     0 | D:1      | Reached XP level 1. HP: 18/18 MP: 1/1
   382 | D:1      | Reached XP level 2. HP: 25/25 MP: 2/2
   673 | D:2      | Reached skill level 5 in Axes
   787 | D:2      | Reached XP level 3. HP: 30/30 MP: 3/3
   839 | D:2      | Found an iron altar of Okawaru.
   847 | D:2      | Became a worshipper of Warmaster Okawaru
  1421 | D:3      | Found a glowing silver altar of Zin.
  1429 | D:3      | Noticed Jessica
  1433 | D:3      | Killed Jessica
  1433 | D:3      | Reached XP level 4. HP: 35/38 MP: 4/4
  1505 | D:3      | Noticed Sigmund
  1517 | D:3      | Killed Sigmund
  1517 | D:3      | Reached * piety under Okawaru
  1517 | D:3      | Reached skill level 1 in Invocations
  1517 | D:3      | Reached XP level 5. HP: 37/45 MP: 4/6
  1517 | D:3      | Reached XP level 6. HP: 42/51 MP: 4/7
  2188 | D:4      | Noticed Eustachio
  2213 | D:4      | Killed Eustachio
  2223 | D:4      | Reached ** piety under Okawaru
  2223 | D:4      | Reached XP level 7. HP: 41/58 MP: 6/8
  2388 | D:4      | Noticed Ijyb
  2402 | D:4      | Killed Ijyb
  2682 | D:4      | Reached skill level 10 in Axes
  2884 | D:4      | Reached skill level 1 in Armour
  2907 | D:4      | Reached skill level 5 in Fighting
  2911 | D:4      | Reached XP level 8. HP: 26/68 MP: 7/10
  2915 | D:4      | Noticed a troll
  2922 | D:4      | Killed a troll
  2964 | D:4      | HP: 5/71 [ogre/giant spiked club (13)]
  3509 | D:4      | Reached *** piety under Okawaru
  3607 | D:4      | Found a staircase to the Ecumenical Temple.
  3859 | D:5      | Entered Level 5 of the Dungeon
  3919 | D:5      | Found Giquteif's General Store.
  3931 | D:5      | Bought a potion of curing for 45 gold pieces
  3931 | D:5      | Bought a scroll of fear for 52 gold pieces
  4113 | D:5      | Reached skill level 5 in Invocations
  4252 | D:5      | Found Xituw's Magic Scroll Shop.
  4321 | D:5      | Noticed hilaritas's ghost (novice TrHu)
  4331 | D:5      | Killed hilaritas's ghost
  4331 | D:5      | Reached **** piety under Okawaru
  4331 | D:5      | Received a gift from Okawaru
  4331 | D:5      | Reached XP level 9. HP: 14/83 MP: 9/13
  4820 | D:5      | Received a gift from Okawaru
  5336 | D:6      | Reached skill level 10 in Fighting
  5409 | D:6      | Reached skill level 5 in Armour
  5735 | D:6      | Noticed hilaritas's ghost (novice DrAK)
  5755 | D:6      | Killed hilaritas's ghost
  5755 | D:6      | Reached ***** piety under Okawaru
  5755 | D:6      | Reached XP level 10. HP: 76/93 MP: 12/15
  6023 | D:6      | Found a glowing golden altar of the Shining One.
  6229 | D:7      | Found a burning altar of Makhleb.
  6321 | D:7      | Found a snail-covered altar of Cheibriados.
  6712 | D:7      | Found a stormy altar of Qazlal.
  7138 | D:8      | Learned a level 1 spell: Apportation
  7140 | D:8      | Learned a level 1 spell: Summon Small Mammal
  7147 | D:8      | Found an opulent altar of Gozag.
  7611 | D:8      | Found a bloodstained altar of Trog.
  7726 | D:9      | Noticed a wizard
  7726 | D:9      | Noticed a wizard
  7727 | D:9      | Noticed an orc sorcerer
  7750 | D:9      | Gained mutation: Your spells are a little easier to cast, but a little less powerful. [a neqoxec]
  7751 | D:9      | Killed a wizard
  7751 | D:9      | Cast into level 3 of the Abyss (a wizard)
  7789 | Abyss:3  | Noticed a thrashing horror
  7789 | Abyss:3  | Found a corrupted altar of Lugonu.
  7796 | Abyss:3  | Noticed a thrashing horror
  7798 | Abyss:3  | Noticed a thrashing horror
  7809 | Abyss:3  | HP: 6/93 [raiju/living lightning (9)]
  7810 | Abyss:3  | Killed from afar by a raiju

Skill      XL: |  1  2  3  4  5  6  7  8  9 10 |
---------------+-------------------------------+-----
Axes           | 5 6 7 9 10 | 10.0
Fighting       | 3 5 9 10 | 10.0
Invocations    | 1 2 3 5 7 8 |  8.0
Armour         | 1 4 6 8 |  8.8
Dodging        | 3 4 |  4.0
Throwing       | |  1.7

Action                   |  1- 3 |  4- 6 |  7- 9 | 10-12 || total
-------------------------+-------+-------+-------+-------++-------
Melee: War axe           |    96 |    55 |   339 |   152 ||   642
       Punch             |       |       |     2 |       ||     2
Throw: Tomahawk          |       |       |    14 |    10 ||    24
Invok: Heroism           |       |     1 |     7 |     2 ||    10
  Use: Scroll            |     4 |     2 |    12 |     3 ||    21
       Potion            |       |       |       |     2 ||     2
  Eat: Chunk             |     2 |     2 |    12 |     9 ||    25
       Fruit             |       |       |       |     1 ||     1
Armor: Leather armour    |     4 |       |       |       ||     4
       Ring mail         |    12 |       |       |       ||    12
       Chain mail        |    22 |    39 |   162 |    49 ||   272
       Skin              |       |       |     5 |       ||     5
       Plate armour      |       |       |       |    67 ||    67
Dodge: Dodged            |    43 |    28 |   125 |    91 ||   287
